 Dungeon Crawl Stone Soup version 0.30-a0-168-g0b976cbdc4 (webtiles) character file.

Game seed: 10902019313538342684

170 qw the Chopper (level 5, 0/32 HPs)
             Began as a Gargoyle Fighter on Sept 29, 2022.
             Slain by an ogre
             ... wielding a +0 giant club
              (2 damage)
             ... on level 4 of the Dungeon.
             The game lasted 00:00:32 (2588 turns).

qw the Chopper (Gargoyle Fighter)                   Turns: 2588, Time: 00:00:32

Health: 0/32       AC: 13    Str: 21    XL:     5   Next: 50%
Magic:  5/5        EV:  7    Int:  9    God:
Gold:   140        SH:  4    Dex:  9    Spells: 4/4 levels left

rFire   . . .      SeeInvis .    Y - +0 war axe
rCold   . . .      Faith    .    c - +0 buckler
rNeg    + . .      Spirit   .    k - +0 chain mail
rPois   inf        Reflect  .    (no helmet)
rElec   +          Harm     .    (no cloak)
rCorr   .          Rampage  .    (no gloves)
Will    .....                    (no boots)
Stlth   ..........               (no amulet)
HPRegen 0.10/turn                (no ring)
MPRegen 0.09/turn                (no ring)

@: no status effects
A: sickness immunity, AC +4, negative energy resistance 1, electricity
resistance, torment resistance 1, petrification resistance
a: no special abilities


You were on level 4 of the Dungeon.
You visited 1 branch of the dungeon, and saw 4 of its levels.

You collected 168 gold pieces.
You spent 28 gold pieces at shops.


Innate Abilities, Weirdness & Mutations

You are immune to sickness and miasma.
Your stone body is resilient. (AC +4)
You are immune to poison.
You resist negative energy. (rN+)
You are resistant to electric shocks. (rElec)
You are resistant to unholy torment.
You are immune to petrification.


   Skills:
 - Level 3.2 Fighting
 + Level 4.8 Axes
 - Level 1.0 Throwing
 - Level 3.2 Armour
 - Level 3.2 Shields


You had 4 spell levels left.
You didn't know any spells.
Your spell library was empty.

Inventory:

Hand Weapons
 i - a +0 mace
 Y - a +0 war axe (weapon)
Missiles
 h - 9 javelins (quivered)
Armour
 c - a +0 buckler (worn)
 k - a +0 chain mail (worn)
Scrolls
 a - a scroll of enchant weapon {unknown}
 e - 4 scrolls of identify
Potions
 d - 2 potions of might
 g - a potion of curing
 l - 3 potions of haste

Dungeon Overview and Level Annotations

Branches:
Dungeon (4/15)
 Temple: D:4-7

Altars:
Makhleb
Qazlal
Wu Jian

Shops:
D:1 ?


Message History

You open the door.
Found a book of Spectacle.
Enter note:
There is an open door here.
a - a scroll labelled DUHICU PECVOBUSS
Enter note: As you open the door, it creaks loudly!
There is an open door here.
You open the door.
Found 4 stones.
There is an open door here.
You now have 140 gold pieces (gained 9).
You open the door.
There is an open door here.
You open the door.
There is an open door here.
You open the door.
An ogre and a hobgoblin come into view.
The ogre shouts!
The hobgoblin shouts!
Enter note:
Enter note: You barely miss the ogre.
The ogre hits you with a +0 giant club!
You barely miss the ogre. The ogre hits you with a +0 giant club!
You barely miss the ogre. The ogre barely misses you.
You barely miss the ogre. The ogre barely misses you.
You barely miss the ogre. You hit the ogre.
The ogre is lightly wounded.
The ogre closely misses you.
You completely miss the ogre.
The ogre is lightly wounded.
The ogre hits you with a +0 giant club!
You slash the ogre!
The ogre is moderately wounded.
The ogre hits you with a +0 giant club.
You die...

#... #... +# #..#
###.###..## ...
#...#..... .... #...#
.g. ####...
#...###O####### (......
#...#..@......#
....###+###'##.........#
....#...#..............#
....+...#.............?#
....#...#..............#
....##'##..............#
..............##########
.........######
.........#


You could see an ogre and a hobgoblin.

Vanquished Creatures
  An ogre (D:4)
  A jelly (D:4)
  An adder (D:4)
  A dart slug (D:3)
  2 orcs (D:3)
  2 ball pythons
  8 endoplasms
  A giant cockroach (D:2)
  A goblin (D:1)
  4 hobgoblins
  4 kobolds
  7 bats
  3 frilled lizards (D:2)
  3 rats (D:2)
39 creatures vanquished.

Notes
Turn   | Place    | Note
-------+----------+-------------------------------------------
     0 | D:1      | qw the Gargoyle Fighter began the quest for the Orb.
     0 | D:1      | Reached XP level 1. HP: 14/14 MP: 1/1
     0 | D:1      | 0 ||| qw: Version: 0.2-a-12-gaebbb33
     0 | D:1      | 0 ||| qw: Game counter: 1088
     0 | D:1      | 0 ||| qw: Always use a shield: true
     0 | D:1      | 0 ||| qw: God list: Okawaru
     0 | D:1      | 0 ||| qw: Allow faded altars: false
     0 | D:1      | 0 ||| qw: Do Orc after D:15 true
     0 | D:1      | 0 ||| qw: Do second Lair branch before Depths: true
     0 | D:1      | 0 ||| qw: Lair rune preference: random
     0 | D:1      | 0 ||| qw: Plans: Normal, Zot:1-4, God:TSO, Crypt, Tomb,
                  | Pan, Slime:5, Hells, Abyss, Orb
     0 | D:1      | 0 ||| PLANNING D:1-11
   162 | D:1      | Found a faded altar of an unknown god.
   238 | D:1      | Reached skill level 2 in Axes
   547 | D:1      | Found Joemu Xesu's Magic Scroll Emporium.
   554 | D:1      | 554 ||| SHOPLISTING 2 scrolls of teleportation (84 gold,
                  | have 49).
   554 | D:1      | 554 ||| SHOPLISTING scroll of enchant armour (105 gold,
                  | have 49).
   554 | D:1      | 554 ||| SHOPLISTING scroll of enchant weapon (105 gold,
                  | have 49).
   554 | D:1      | 554 ||| BUYING scroll of identify (28 gold).
   554 | D:1      | Bought a scroll of identify for 28 gold pieces
   554 | D:1      | 554 ||| SHOPLISTING scroll of identify (28 gold, have 21).
   702 | D:1      | Reached XP level 2. HP: 19/19 MP: 2/2
   943 | D:1      | 943 ||| DRINKING 2 lumpy clear potions.
  1211 | D:2      | Reached skill level 3 in Axes
  1241 | D:2      | Reached XP level 3. HP: 23/23 MP: 3/3
  1626 | D:2      | 1626 ||| UPGRADING to +0 chain mail.
  1636 | D:2      | 1636 ||| DROPPING +0 scale mail.
  1637 | D:2      | 1637 ||| READING scroll labelled RUMUAWKYOS.
  1638 | D:2      | 1638 ||| READING scroll labelled NEROG KOJEJYMU.
  1639 | D:2      | 1639 ||| READING 6 scrolls of identify.
  1639 | D:2      | 1639 ||| IDENTIFYING red potion
  1640 | D:2      | 1640 ||| READING 5 scrolls of identify.
  1640 | D:2      | 1640 ||| IDENTIFYING white potion
  1641 | D:2      | 1641 ||| DROPPING potion of brilliance.
  1680 | D:3      | Reached skill level 1 in Throwing
  1786 | D:3      | 1786 ||| DROPPING +0 club.
  2187 | D:3      | Found an ornate altar of the Wu Jian Council.
  2190 | D:3      | Found a burning altar of Makhleb.
  2192 | D:3      | Found a stormy altar of Qazlal.
  2335 | D:3      | 2335 ||| READING scroll labelled NOAK XEULEHUE.
  2336 | D:3      | 2336 ||| READING 2 scrolls labelled ZAYROCI GUNUU.
  2337 | D:3      | 2337 ||| DROPPING scroll of magic mapping.
  2390 | D:4      | Reached XP level 4. HP: 28/28 MP: 4/4
  2439 | D:4      | Noticed an ogre
  2443 | D:4      | Killed an ogre
  2444 | D:4      | Reached skill level 4 in Axes
  2444 | D:4      | Reached XP level 5. HP: 32/32 MP: 5/5
  2512 | D:4      | 2512 ||| Stepping ~*~*~tactically~*~*~ (stealth).
  2580 | D:4      | Noticed an ogre
  2587 | D:4      | HP: 2/32 [ogre/+0 giant club (8)]
  2588 | D:4      | Slain by an ogre

Levels and vault maps discovered:
D:1:      minmay_arrival_three_doors, layout_basic, serial_glass,
          glass_columns_b, glass_columns_b, hellmonk_ecumenical_altar_zigzags,
          serial_shops, shop, nicolae_figureground_pulse
D:2:      layout_loops_ring
D:3:      layout_basic, grunt_temple_overflow_diamond
D:4:      layout_gridville, minmay_goblin_kobold_house

Skill      XL: |  1  2  3  4 |
---------------+-------------+-----
Axes           | 2 3 4 |  4.8
Throwing       | 1 |  1.0
Fighting       | |  3.2
Armour         | |  3.2
Shields        | |  3.2

Action                   |  1- 3 |  4- 6 || total
-------------------------+-------+-------++-------
Melee: War axe           |    44 |    12 ||    56
Throw: Javelin           |    37 |     5 ||    42
  Use: Potion            |     1 |       ||     1
       Scroll            |     6 |       ||     6
Armor: Scale mail        |     9 |       ||     9
       Chain mail        |     7 |     1 ||     8
Dodge: Dodged            |    22 |     3 ||    25
Block: Buckler           |     8 |     1 ||     9

Table legend:
 A = Non-vault XP
 B = Vault XP
 C = Vault XP percentage of total XP
 D = Non-vault monster count
 E = Vault monster count
 F = Vault count percentage of total count
                 A         B        C        D         E       F
            +---------+---------+-------+---------+---------+-------
      Total |     243 |       0 |   0.0 |      39 |       0 |   0.0
            +---------+---------+-------+---------+---------+-------
        D:1 |      17 |       0 |   0.0 |       9 |       0 |   0.0
        D:2 |      26 |       0 |   0.0 |      17 |       0 |   0.0
        D:3 |      18 |       0 |   0.0 |       9 |       0 |   0.0
        D:4 |     182 |       0 |   0.0 |       4 |       0 |   0.0
            +---------+---------+-------+---------+---------+-------
